 Dungeon Crawl Stone Soup version 0.28.0-55-gcd9437bce4 (webtiles) character file.

Game seed: 11875345972102207385

87 elisander the Slasher (level 4, -1/42 HPs)
             Began as a Deep Dwarf Berserker on Jan 5, 2023.
             Was a Believer of Trog.
             Slain by an adder (2 damage)
             ... on level 2 of the Dungeon.
             The game lasted 00:02:38 (1544 turns).

elisander the Slasher (Deep Dwarf Berserker)        Turns: 1544, Time: 00:02:38

Health: -1/42      AC:  2    Str: 23    XL:     4   Next: 28%
Magic:  4/4        EV: 12    Int:  7    God:    Trog [**....]
Gold:   107        SH:  0    Dex: 12    Spells: 3/3 levels left

rFire   . . .      SeeInvis .   a - +0 falchion
rCold   . . .      Faith    .   (no shield)
rNeg    . . .      Spirit   .   b - +0 animal skin
rPois   .          Reflect  .   (no helmet)
rElec   .          Harm     .   (no cloak)
rCorr   .          Rampage  .   (no gloves)
Will    .....                   (no boots)
Stlth   +.........              (no amulet)
HPRegen 0.00/turn               (no ring)
MPRegen 0.09/turn               (no ring)

@: lethally poisoned (-1 -> -1)
A: damage resistance, heal wounds, sense surroundings 1, no regeneration
a: Heal Wounds, Renounce Religion, Berserk, Trog's Hand


You were on level 2 of the Dungeon.
You worshipped Trog.
Trog was pleased with you.
You visited 1 branch of the dungeon, and saw 2 of its levels.

You collected 107 gold pieces.

Inventory:

Hand Weapons
 a - a +0 falchion (weapon)
Armour
 b - a +0 animal skin (worn)
Scrolls
 c - a scroll of vulnerability {unknown}
 e - 3 scrolls of teleportation {unknown}
 i - 2 scrolls of identify {unknown}
Potions
 d - a potion of cancellation {unknown}
 f - 2 potions of degeneration {unknown}
 g - a potion of heal wounds {unknown}
 h - 3 potions of haste {unknown}
 j - a potion of resistance {unknown}


   Skills:
 + Level 3.2 Fighting
 + Level 4.3 Long Blades
 + Level 2.3 Armour
 + Level 2.8 Dodging
 + Level 0.9 Stealth


You had 3 spell levels left.
You didn't know any spells.
Your spell library was empty.

Dungeon Overview and Level Annotations

Branches:
Dungeon (2/15)

Altars:


Innate Abilities, Weirdness & Mutations

You are resistant to damage.
You can heal yourself by infusing magical energy.
You passively map a small area around you.
You do not regenerate.


Message History

You barely miss the adder.
The adder is moderately wounded.
The adder closely misses you.
You hit the adder.
The adder is heavily wounded.
The adder bites you.
* * * LOW HITPOINT WARNING * * *
You closely miss the adder.
The adder is heavily wounded.
You are no longer poisoned.
The adder bites you.
* * * LOW HITPOINT WARNING * * *
The adder closely misses you.
You slash the adder!
You kill the adder!
Trog accepts your kill. As you open the door, it creaks loudly!
An adder comes into view.
The adder bites you.
You are poisoned.
The adder poisons you! The adder bites you.
* * * LOW HITPOINT WARNING * * *
There is an open door, spattered with blood here.
You closely miss the adder. The adder barely misses you.
You hit the adder.
The adder is heavily wounded.
The adder bites you.
* * * LOW HITPOINT WARNING * * *
You are more poisoned.
The adder poisons you! The adder barely misses you.
You miss the adder.
The adder is heavily wounded.
The adder closely misses you.
You hit the adder but do no damage.
The adder is heavily wounded.
The adder bites you.
You hit the adder.
The adder is heavily wounded.
The adder bites you.
You die...

#####..#####.#######
#..................#
#.###..##.##..####.######
# #........>.# #.##...###
##.#.#.##..# #.##......
########..# #.##...### *
+..#..# #.###.#### , *
#.S#..# #.# #.#.## , *
#+###@#######.###..#.#
+.....+, #........###. ,
#.....# ,####.###..#..
#.....####....# ##..## * ,
#.....#..###### #<###
#.....#.†#...# #.# #
.#+####'####'###.#####.###
..........................
...............#.#####.###


You could see an adder.

Vanquished Creatures
  4 adders (D:2)
  A worm (D:2)
  3 dart slugs
  8 ball pythons
  4 endoplasms
  A giant cockroach (D:2)
  A goblin (D:1)
  2 hobgoblins
  2 jackals (D:2)
  6 kobolds
  2 quokkas (D:2)
  3 bats (D:1)
  2 frilled lizards
  2 rats (D:2)
41 creatures vanquished.

Vanquished Creatures (others)
  3 fungi (D:2)
  5 plants (D:2)
8 creatures vanquished.

Grand Total: 49 creatures vanquished

Notes
Turn   | Place    | Note
-------+----------+-------------------------------------------
     0 | D:1      | elisander the Deep Dwarf Berserker began the quest for the
                  | Orb.
     0 | D:1      | Reached XP level 1. HP: 20/20 MP: 1/1
   326 | D:1      | Reached XP level 2. HP: 17/27 MP: 2/2
   462 | D:1      | Reached ** piety under Trog
   936 | D:2      | Reached XP level 3. HP: 12/34 MP: 3/3
   983 | D:2      | Found a faded altar of an unknown god.
  1192 | D:2      | Reached skill level 4 in Long Blades
  1469 | D:2      | Reached XP level 4. HP: 5/42 MP: 4/4
  1541 | D:2      | HP: 1/42 [adder (3)]
  1544 | D:2      | Slain by an adder

Illustrated notes

Levels and vault maps discovered:
D:1:      wander_arrival_peaceful_grave, layout_basic
D:2:      layout_loops_ring, shapermc_ecumenical_altar_mp_urbaneastern,
          minivault_24, minmay_snake_closets

Skill      XL: |  1  2  3 |
---------------+----------+-----
Fighting       | 3 |  3.2
Long Blades    | 4 |  4.3
Armour         | |  2.3
Dodging        | |  2.8
Stealth        | |  0.9

Action                   |  1- 3 |  4- 6 || total
-------------------------+-------+-------++-------
Melee: Falchion          |   108 |    26 ||   134
Invok: Trog's Hand       |     1 |     1 ||     2
       Berserk           |     1 |       ||     1
 Stab: Sleeping          |     2 |     1 ||     3
Armor: Animal skin       |    38 |     1 ||    39
Dodge: Dodged            |    84 |    21 ||   105
